 Dungeon Crawl Stone Soup version 0.17-a0-410-gb2cdbc8 (webtiles) character file.

355 Fiveotanaka the Cudgeler (level 6, -4/35 HPs)
             Began as a Gargoyle Gladiator on Apr 2, 2015.
             Was a Follower of Okawaru.
             Slain by Prince Ribbit (10 damage)
             ... on level 5 of the Dungeon.
             The game lasted 00:08:14 (3253 turns).

Fiveotanaka the Cudgeler (Gargoyle Gladiator)       Turns: 3253, Time: 00:08:14

Health: -4/35      AC: 10    Str: 18    XL:     6   Next: 63%
Magic:  5/6        EV: 15    Int:  9    God:    Okawaru [*.....]
Gold:   72         SH:  0    Dex: 12    Spells: 0 memorised, 5 levels left

rFire  . . .     SeeInvis .     a - +0 flail
rCold  . . .     Clarity  .     b - +0 leather armour
rNeg   + . .     SustAb   .     (no shield)
rPois  ∞         Gourm    .     c - +0 helmet
rElec  +         Spirit   .     (no cloak)
rCorr  .         Warding  .     (no gloves)
rMut   .         Stasis   .     (no boots)
MR     .....                    (no amulet)
Stlth  ++++......               y - ring of stealth
                                e - +1 ring of protection

@: heroism, not resistant to hostile enchantments, stealthy
A: negative energy resistance 1, electricity resistance, unbreathing,
petrification resistance, rot immunity, AC +4
a: Heroism, Renounce Religion


You were on level 5 of the Dungeon.
You worshipped Okawaru.
Okawaru was aware of your devotion.
You were not hungry.

You visited 1 branch of the dungeon, and saw 5 of its levels.

You collected 232 gold pieces.
You spent 160 gold pieces at shops.

Inventory:

Hand weapons
 a - a +0 flail (weapon)
Missiles
 d - 3 throwing nets (quivered)
 x - 15 stones
Armour
 b - a +0 leather armour (worn)
 c - a +0 helmet (worn)
 h - a +0 chain mail
Jewellery
 e - a +1 ring of protection (left hand)
 y - a ring of stealth (right hand)
Magical devices
 A - a wand of fire (11)
Scrolls
 g - a scroll of blinking {unknown}
 j - 2 scrolls of enchant armour {unknown}
 m - a scroll of teleportation {unknown}
 s - a scroll of amnesia {unknown}
 t - a scroll of identify
 u - 2 scrolls of remove curse {unknown}
 v - a scroll of fear {unknown}
 w - a scroll of noise {unknown}
 z - a scroll of magic mapping {unknown}
Potions
 l - a potion of mutation {unknown}
 n - 3 potions of flight
 o - 2 potions of magic {unknown}
 q - 2 potions of brilliance {unknown}
 r - a potion of beneficial mutation {unknown}
 B - a potion of heal wounds {unknown}
 D - a potion of resistance {unknown}
Comestibles
 f - a bread ration
 i - 3 fruits
 k - a beef jerky
 p - 2 meat rations
 C - a chunk of flesh


   Skills:
 - Level 2.1(7.1) Fighting
 + Level 7.2(12.2) Maces & Flails
 - Level 2.0(7.0) Throwing
 - Level 2.4(7.4) Dodging


You had 5 spell levels left.
You didn't know any spells.

Dungeon Overview and Level Annotations

Branches:
Dungeon (5/15)             Temple (0/1) D:5

Altars:
Dithmenos
Okawaru
Sif Muna

Shops:
D:4 *

Annotations:
D:2 Sigmund
D:5 Prince Ribbit


Innate Abilities, Weirdness & Mutations

You are resistant to torment.
Your stone body is resilient (AC +4).
You are immune to poison.
You resist negative energy.
You are resistant to electric shocks.
You can survive without breathing.
You are immune to petrification.
You are immune to rotting.


Message History

Prince Ribbit is moderately wounded.
Prince Ribbit blinks!
Prince Ribbit misses you.
You hit Prince Ribbit.
Prince Ribbit is moderately wounded.
Prince Ribbit hits you!
You completely miss Prince Ribbit.
Prince Ribbit is moderately wounded.
Prince Ribbit hits you!
You closely miss Prince Ribbit.
Prince Ribbit is moderately wounded.
Prince Ribbit completely misses you.
You sock Prince Ribbit!
Prince Ribbit is heavily wounded.
Prince Ribbit hits you!
* * * LOW HITPOINT WARNING * * *
You hit Prince Ribbit but do no damage.
Prince Ribbit is heavily wounded.
Prince Ribbit hits you!
You die...

...........# #.## ##.##
...#####.### #..# #...#
#.# #.####.# #.⌠.# #.#
#......###...## #.#
#######........
#.#########.⌠..>..⌠
#..................
...#################...##
#.....F@.......# #.⌠.#
####.####.####.####...#
#.####.# #.#...##
#.#....# #.#.#.# #.#.##.#
#.#.#.###
####.#..#.####.#...)....
#..............###.#.###
#......<#.########.....#
#......................#


You could see Prince Ribbit.

Vanquished Creatures
  An ogre (D:5)
  A hound (D:5)
  A centaur skeleton (D:4)
  Natasha (twice) (D:3)
  An iguana (D:4)
  A worker ant (D:4)
  3 adders
  A giant mite (D:3)
  3 worms
  2 giant geckos
  3 oozes
  7 orcs
  A bat skeleton (D:5)
  A bat zombie (D:3)
  3 goblins
  7 hobgoblins
  2 jackals (D:1)
  8 kobolds
  A ball python (D:1)
  9 bats
  2 giant cockroaches
  A giant newt (D:3)
  7 rats
68 creatures vanquished.

Notes
Turn   | Place    | Note
--------------------------------------------------------------
     0 | D:1      | Fiveotanaka, the Gargoyle Gladiator, began the quest for the Orb.
     0 | D:1      | Reached XP level 1. HP: 12/12 MP: 1/1
    85 | D:1      | Reached XP level 2. HP: 15/17 MP: 2/2
   357 | D:1      | Reached skill level 4 in Maces & Flails
   686 | D:2      | Reached XP level 3. HP: 19/21 MP: 3/3
   853 | D:2      | Found an iron altar of Okawaru.
   862 | D:2      | Became a worshipper of Warmaster Okawaru
   890 | D:2      | Noticed Sigmund
   960 | D:3      | Noticed Natasha
   967 | D:3      | Killed Natasha
   967 | D:3      | Reached XP level 4. HP: 26/26 MP: 4/4
  1171 | D:3      | Reached skill level 5 in Maces & Flails
  1276 | D:3      | Found a shadowy altar of Dithmenos.
  1277 | D:3      | Found a deep blue altar of Sif Muna.
  1962 | D:3      | Reached XP level 5. HP: 30/30 MP: 5/5
  1979 | D:3      | Noticed Natasha
  1982 | D:3      | Killed Natasha
  2192 | D:4      | Found Unwo Esch's Assorted Antiques.
  2201 | D:4      | Bought an agate ring for 160 gold pieces
  2216 | D:4      | Reached skill level 6 in Maces & Flails
  2416 | D:4      | Acquired Okawaru's first power
  2655 | D:4      | Reached XP level 6. HP: 33/35 MP: 6/6
  2833 | D:5      | Entered Level 5 of the Dungeon
  2866 | D:5      | Reached skill level 7 in Maces & Flails
  2989 | D:5      | Noticed Prince Ribbit
  3007 | D:5      | Found a staircase to the Ecumenical Temple.
  3253 | D:5      | Slain by Prince Ribbit

Action                   |  1- 3 |  4- 6 || total
-------------------------+-------+-------++-------
Melee: Flail             |    92 |   158 ||   250
Invok: Heroism           |       |     1 ||     1
  Use: Scroll            |       |     1 ||     1
 Stab: Sleeping          |       |     2 ||     2
  Eat: Chunk             |       |     8 ||     8
